Description

https://www.youtube.com/watch?v=RBi-81ngOwo

Trying to recreate for my own use, his build to learn :)

VOD

https://www.youtube.com/watch?v=RBi-81ngOwo

Build Order

Get SALT Encoding   

  14  0:20  Pylon  
  16  0:39  Gateway  
  16  0:44  Assimilator  Gas
  20  1:25  Nexus  Pause probes
  20  1:36  Core Forge  Resume probing
  21  1:47  Assimilator  Gas
  22  1:55  Pylon  
  23  2:12  Stalker (Chrono Boost)  Chrono
  25  2:21  Stargate  150/150 minerals/gas
  26  2:32  Warp Gate (Chrono Boost)  Chrono
  34  2:54  Stalker  
  36  3:10  Oracle (Chrono Boost)  Chrono
  41  3:25  Pylon  
  42  3:29  Twilight Council  
  47  3:56  Pylon  
  48  4:04  Gateway x3  
  48  4:07  Charge (Chrono Boost)  
  48  4:54  Gateway x5  
  48  5:02  Pylon x2  
  48  5:06  Sentry  
  49  5:09  Zealot x3  
  56  5:20  Pylon  Proxy pylon
  56  5:50  Gateway  Proxy gateway
  56  5:55  Zealot x16  16 or more.
  72  5:57  Pylon x4  
Spawning Tool Build Advisor. Get it on Overwolf

Go to:

Details

  • Created by: Molyporph
  • Published on: Nov 18, 2022
  • Modified on: Nov 18, 2022
  • Patch: 4.11.0
  • Difficulty: Easy
Show
View Real Time Build Order
Export as new Build Order

Comments (1)

On Nov. 18, 2022, 2:32 p.m., Gumb4l  said:

What a noob build!

Create an account to comment!